 Dungeon Crawl Stone Soup version 0.29.1-1-gd02db6906a (webtiles) character file.

Game seed: 15057331981915119430

84587 Colgate the Convoker (level 15, -7/127 HPs)
             Began as a Barachi Ice Elementalist on Oct 9, 2022.
             Was the Champion of Cheibriados.
             Mangled by a centaur warrior (9 damage)
             ... on level 14 of the Dungeon.
             The game lasted 02:21:54 (36283 turns).

Colgate the Convoker (Barachi Ice Elementalist)    Turns: 36283, Time: 02:21:54

Health: -7/127     AC: 32    Str: 26    XL:     15   Next: 81%
Magic:  4/24       EV: 21    Int: 35    God:    Cheibriados [******]
Gold:   1671       SH:  0    Dex: 34    Spells: 3/26 levels left

rFire   . . .      SeeInvis .   a - +2 halberd (venom)
rCold   . . .      Faith    +   (shield currently unavailable)
rNeg    . . .      Spirit   .   J - +2 robe {Will+}
rPois   .          Reflect  .   q - +2 helmet
rElec   .          Harm     .   X - +0 cloak
rCorr   .          Rampage  .   l - +2 pair of gloves
Will    ++...                   z - +2 pair of boots of the Will of the Gods {Dex+5}
Stlth   +++.......              v - amulet of faith
HPRegen 0.31/turn               b - +4 ring of protection
MPRegen 0.19/turn               D - +4 ring of protection

@: ice-armoured, unable to hop, studying 2 skills, invisible, unable to read,
very slow
A: amphibious, slowness 1, strong legs 2, +LOS, inability to read after injury 1
a: Hop, Renounce Religion, Bend Time, Temporal Distortion, Slouch, Step From
Time


You were on level 14 of the Dungeon.
You worshipped Cheibriados.
Cheibriados was exalted by your worship.
You visited 4 branches of the dungeon, and saw 22 of its levels.
You also visited: Bailey.

You collected 2793 gold pieces.
You spent 1122 gold pieces at shops.

Inventory:

Hand Weapons
 a - a +2 halberd of venom (weapon)
 R - a +4 bardiche of protection
Missiles
 N - 10 curare-tipped darts
Armour
 l - a +2 pair of gloves (worn)
 q - a +2 helmet (worn)
 z - the +2 pair of boots of the Will of the Gods (worn) {Dex+5}
   (You found it on level 4 of the Dungeon)

   Dex:       It affects your dexterity (+5).
 J - a +2 robe of willpower (worn)
 X - a +0 cloak (worn)
Jewellery
 b - a +4 ring of protection (left hand)
 d - a ring of protection from fire
 u - a ring of poison resistance
 v - an amulet of faith (around neck)
 D - a +4 ring of protection (right hand)
 E - a ring of protection from cold
 I - a ring of positive energy
 T - a ring of see invisible
Wands
 e - a wand of paralysis (10)
 A - a wand of mindburst (8)
 G - a wand of roots (31) {@v2}
 K - a wand of polymorph (10)
 P - a wand of digging (7) {@v3}
 W - a wand of flame (25)
 Y - a wand of light (5) {@v1}
Scrolls
 g - 2 scrolls of silence
 h - 6 scrolls of immolation
 p - 4 scrolls of fear
 s - 2 scrolls of magic mapping {@r5}
 w - a scroll of fog
 y - 12 scrolls of teleportation {@r3}
 B - a scroll of enchant weapon
 H - 2 scrolls of torment
 M - a scroll of blinking {unknown}
 O - 2 scrolls of vulnerability
 Q - a scroll of poison {unknown}
 S - a scroll of amnesia
 U - 2 scrolls of summoning
Potions
 c - a potion of mutation
 i - a potion of magic
 j - a potion of resistance {@q5}
 m - 5 potions of might {@q3}
 n - 3 potions of invisibility
 o - 6 potions of lignification
 r - 12 potions of curing {@q1}
 t - 6 potions of heal wounds {@q2}
 x - 3 potions of brilliance
 C - 9 potions of attraction
 F - 6 potions of flight
 L - 2 potions of ambrosia
 Z - 2 potions of berserk rage
Miscellaneous
 k - a phantom mirror
 V - a phial of floods


   Skills:
 + Level 14.3 Fighting
 - Level 14.0 Polearms
 - Level 3.9 Armour
 - Level 7.1 Dodging
 - Level 1.7 Stealth
 - Level 6.1 Spellcasting
 - Level 6.0 Conjurations
 - Level 16.0 Summonings
 - Level 8.0 Ice Magic
 - Level 10.0 Invocations
 - Level 3.0 Evocations


You had 3 spell levels left.
You knew the following spells:

 Your Spells              Type           Power      Damage    Failure   Level
a - Summon Cactus Giant   Summ           44%        N/A       1%          6
b - Frozen Ramparts       Ice            100%       1d16      1%          3
c - Ozocubu's Armour      Ice            61%        N/A       1%          3
d - Hailstorm             Conj/Ice       57%        3d12      1%          4
e - Monstrous Menagerie   Summ           44%        N/A       4%          7

Your spell library contained the following spells:

 Spells                   Type           Power      Damage    Failure   Level
 Summon Small Mammal      Summ           100%       N/A       0%          1
 Call Imp                 Summ           89%        N/A       0%          2
 Call Canine Familiar     Summ           89%        N/A       0%          3
 Freeze                   Ice            100%       1d11      1%          1
 Ensorcelled Hibernation  Hex/Ice        76%        N/A       1%          2
 Static Discharge         Conj/Air       31%        3-7/arc   1%          2
 Beastly Appendage        Tmut           20%        N/A       3%          1
 Necrotise                Necr           40%        1d6       3%          1
 Sandblast                Erth           20%        2d7       3%          1
 Sting                    Tmut/Pois      40%        1d5       3%          1
 Stone Arrow              Conj/Erth      62%        3d10      3%          3
 Passwall                 Tmut/Erth      8%         N/A       5%          2
 Poisonous Vapours        Pois/Air       20%        N/A       5%          2
 Wereblood                Tmut           10%        N/A       5%          2
 Gell's Gravitas          Tloc           10%        N/A       11%         3
 Lesser Beckoning         Tloc           10%        N/A       11%         3
 Spider Form              Tmut/Pois      10%        N/A       11%         3
 Teleport Other           Tloc           10%        N/A       11%         3
 Vampiric Draining        Necr           10%        2d6       11%         3
 Lightning Bolt           Conj/Air       15%        1d29      30%         5
 Anguish                  Hex/Necr       5%         N/A       36%         4
 Olgreb's Toxic Radiance  Pois           10%        N/A       36%         4
 Agony                    Necr           10%        N/A       71%         5
 Maxwell's Capacitive Co  Air            5%         ∞         100%        8


Dungeon Overview and Level Annotations

Branches:
Dungeon (14/15)            Temple (1/1) D:5            Lair (5/5) D:10
  Swamp (0/4) Lair:2        Snake (0/4) Lair:2        Slime (0/5) Lair:5
    Orc (2/2) D:9             Elf (0/3) Orc:2        Vaults (0/5) D:14
 Bailey (visited)

Altars:
Ashenzari
Cheibriados
Dithmenos
Elyvilon
Fedhas
Gozag
Hepliaklqana
Kikubaaqudgha
Makhleb
Nemelex Xobeh
Okawaru
Qazlal
Ru
Sif Muna
Trog
Uskayaw
Vehumet
Wu Jian
Xom
Yredelemnul
Zin
The Shining One

Shops:
D:9 !   Orc:2 *:[([

Annotations:
D:7 3 runed translucent doors, decrepitue's ghost, journeyman DECj
D:14 Roxanne


Innate Abilities, Weirdness & Mutations

You are amphibious.
You cover ground slowly.
You can hop long distances.
You have an extended range of vision and can be seen from far away.
You occasionally lose the ability to read scrolls when taking damage.


Message History

Your sphinx hits the vault guard.
Your sphinx hits the vault guard but does no damage.
Your sphinx hits the vault guard.
The centaur warrior wields a +0 longbow.
The centaur warrior shoots an arrow.
The arrow hits you!
The centaur warrior unwields a +0 longbow.
The centaur warrior hits your sphinx!
Your sphinx dies!
Your sphinx's corpse disappears in a puff of smoke!
You hear a shout!
The centaur warrior wields a +0 longbow.
The centaur warrior shoots an arrow.
The arrow hits you!
You hear a shout! x2
The centaur warrior shoots an arrow.
The arrow hits you.
The centaur warrior rages.
The centaur warrior shoots an arrow.
The arrow hits you.
The centaur warrior shoots an arrow.
The arrow hits you!!
You feel threatened and lose the ability to read scrolls!
* * * LOW HITPOINT WARNING * * *
The centaur warrior rages.
The centaur warrior hits you but does no damage.
The centaur warrior kicks you but does no damage.
The centaur warrior hits you but does no damage.
The centaur warrior kicks you.
* * * LOW HITPOINT WARNING * * *
The centaur warrior closely misses you. The centaur warrior barely misses you.
The centaur warrior completely misses you.
The centaur warrior kicks you but does no damage.
Casting: Summon Cactus Giant (mildly dangerous; 1% risk of failure)
A film of ice covers your body! The centaur warrior hits you!
* * * LOW HITPOINT WARNING * * *
The centaur warrior kicks you but does no damage.
The centaur warrior hits you.
* * * LOW HITPOINT WARNING * * *
The centaur warrior kicks you but does no damage.
The vault guard barely misses you.
You fade into invisibility!
The centaur warrior hits you!
You die...
Xom is highly amused!

.#.................## ##+### #
.#.................## ##...## #
.#######+#..........####.....####
.##.............p....##.......##.
###........####..#...............
###........#####.p.##...###......
..#...........###p.##.....##+#.#.
..#...........###cc##.....##.#.#.
..#.....)..)....@..##.....##...#+
..+......#.......#.#.............
..##...###.......#...##..........
..##...# #...)....>..#####.......
####...#####.........#####.......
........# #.....................
........# #.....####............
........# #.....# #.......#####
........# #.....# #.......#


You could see 2 vault guards and 2 centaur warriors.

Vanquished Creatures
  Jorgrun (D:14)
  A catoblepas (D:13)
  2 vault guards (D:14)
  A boulder beetle (D:14)
  A two-headed ogre (D:10)
  Urug (D:9)
  Nergalle (D:10)
  2 skeletal warriors (D:12)
  Lodul (D:10)
  4 orc knights (Orc:2)
  2 nameless horrors
  A manticore (D:14)
  An ugly thing (D:14)
  2 cyclopes
  3 elephants (Lair:2)
  A black mamba (Lair:5)
  A cane toad (Lair:5)
  A torpor snail (D:10)
  A kobold demonologist (D:14)
  An unseen horror (D:12)
  2 komodo dragons (Lair:1)
  A tyrant leech (Lair:2)
  2 polar bears
  3 trolls
  4 blink frogs (Lair:2)
  3 hornets
  A slime creature (Lair:5)
  A dream sheep (Lair:5)
  6 spriggans (Lair:5)
  Sigmund (D:5)
  A shadow (D:10)
  12 yaks
  A wyvern (D:7)
  4 wraiths
  A fire bat (Lair:5)
  Grum (Lair:1)
  A basilisk (Lair:1)
  A golden eye (shapeshifter) (D:4)
  3 wargs (D:10)
  An acid dragon (D:9)
  24 orc warriors
  6 water moccasins
  A black bear (Lair:5)
  5 wolves
  A boggart (Lair:5)
  4 ogres
  13 centaurs
  A phantom (D:4)
  4 kobold brigands
  A necrophage (D:4)
  3 bullfrogs
  3 scorpions
  5 wights
  7 killer bees
  A howler monkey (D:8)
  A jelly (D:6)
  14 orc priests
  A gnoll bouda (D:7)
  6 hounds
  4 iguanas
  9 orc wizards
  6 adders
  6 gnolls
  A shadow imp (D:8)
  A white imp (D:6)
  A worm (D:3)
  2 dart slugs (D:2)
  46 orcs
  4 bats
  4 endoplasms
  2 giant cockroaches (D:1)
  7 goblins
  4 hobgoblins
  A jackal (D:4)
  4 quokkas
  9 ball pythons
  2 frilled lizards (D:1)
  19 kobolds
  4 rats
316 creatures vanquished.

Vanquished Creatures (collateral kills)
  Rupert (D:13)
  Josephine (Orc:1)
  5 hydras
  2 boulder beetles
  Erica (Orc:1)
  2 catoblepae
  3 centaur warriors
  2 two-headed ogres
  A tengu warrior (D:14)
  5 orc high priests (Orc:2)
  4 death yaks
  Sonja (D:10)
  3 skeletal warriors (D:12)
  3 orc knights (Orc:2)
  2 orc sorcerers (Orc:2)
  A deep elf pyromancer (D:12)
  7 ugly things
  2 cyclopes
  2 manticores (D:14)
  4 black mambas
  Maurice (D:10)
  7 elephants (Lair:2)
  A torpor snail (Lair:2)
  A gargoyle (D:12)
  12 cane toads
  A kobold demonologist (D:10)
  A rime drake (Lair:4)
  4 komodo dragons
  5 polar bears
  A troll (Orc:2)
  A wind drake (shapeshifter) (D:13)
  Grinder (D:4)
  4 hornets
  A tyrant leech (Lair:2)
  13 blink frogs
  2 slime creatures (Lair:5)
  2 dream sheep (Lair:5)
  A shadow (D:10)
  2 wyverns
  4 wraiths
  9 spriggans (Lair:5)
  18 yaks
  2 fire bats (Lair:5)
  A basilisk (D:12)
  3 vampire mosquitoes (D:13)
  Menkaure (D:6)
  2 swamp worms (Lair:2)
  2 wargs (Orc:2)
  An acid dragon (D:12)
  3 nagas (Lair:2)
  12 water moccasins
  A black bear (Lair:5)
  24 orc warriors
  8 ogres
  3 centaurs
  2 boggarts (Lair:5)
  20 wolves
  3 kobold brigands
  10 bullfrogs
  4 gnoll sergeants
  2 scorpions
  3 wights (D:8)
  A necrophage (D:6)
  5 killer bees
  2 nameless horrors
  16 orc priests
  A gnoll bouda (Lair:3)
  2 iguanas (D:6)
  23 orc wizards
  15 gnolls
  2 shadow imps
  44 orcs
  13 kobolds
375 creatures vanquished.

Vanquished Creatures (others)
  15 fungi
  32 plants
47 creatures vanquished.

Grand Total: 738 creatures vanquished

Notes
Turn   | Place    | Note
-------+----------+-------------------------------------------
     0 | D:1      | Colgate the Barachi Ice Elementalist began the quest for
                  | the Orb.
     0 | D:1      | Reached XP level 1. HP: 13/13 MP: 3/3
    99 | D:1      | Reached skill level 5 in Ice Magic
   420 | D:1      | Reached XP level 2. HP: 19/19 MP: 1/5
  1261 | D:2      | Identified the +1 ring mail "Boumyinn" {Stlth+}
  1336 | D:2      | Reached XP level 3. HP: 22/24 MP: 2/6
  1992 | D:3      | Found a faded altar of an unknown god.
  2005 | D:3      | Prayed at the altar of an unknown god.
  2005 | D:3      | Became a worshipper of Xom the Begetter of Turbulence
  2157 | D:3      | XOM: silly message
  2265 | D:3      | Learned a level 3 spell: Frozen Ramparts
  2345 | D:3      | Found a snail-covered altar of Cheibriados.
  2352 | D:3      | Found a stormy altar of Qazlal.
  2486 | D:3      | XOM: scenery: summon butterflies
  2664 | D:3      | XOM: god gift: 5 stones
  2935 | D:4      | Found a radiant altar of Vehumet.
  2938 | D:4      | Noticed a phantom
  2942 | D:4      | XOM: scenery: summon butterflies
  2952 | D:4      | XOM: summons friendly iron imp
  2959 | D:4      | Killed a phantom
  2960 | D:4      | Reached XP level 4. HP: 16/30 MP: 2/7
  2960 | D:4      | Reached XP level 5. HP: 19/35 MP: 2/8
  2964 | D:4      | Learned a level 3 spell: Ozocubu's Armour
  3025 | D:4      | Reached skill level 1 in Conjurations
  3178 | D:4      | Found an iron altar of Okawaru.
  3178 | D:4      | XOM: 4-stop teleportation journey
  3195 | D:4      | XOM: give mutation
  3195 | D:4      | Gained mutation: You possess an exceptional clarity of
                  | mind. [Xom's grace]
  3249 | D:4      | XOM: 3-stop teleportation journey
  3272 | D:3      | XOM: give mutations
  3272 | D:3      | Gained mutation: You are agile. (Dex +4, Str/Int -1) [Xom's
                  | grace]
  3272 | D:3      | Gained mutation: You are partially covered in iridescent
                  | scales. (AC +2) [Xom's grace]
  3272 | D:3      | Gained mutation: You have sharp toenails. [Xom's grace]
  3272 | D:3      | Gained mutation: You have very sharp teeth. [Xom's grace]
  3586 | D:3      | Found a snail-covered altar of Cheibriados.
  3593 | D:3      | Found a stormy altar of Qazlal.
  3707 | D:3      | XOM: scenery: create altars
  3728 | D:3      | Found a shimmering altar of Xom.
  3884 | D:3      | XOM: cloud trail
  4063 | D:4      | Noticed a black bear
  4071 | D:4      | Noticed a glowing shapeshifter
  4071 | D:4      | a black bear changed into a glowing shapeshifter
  4071 | D:4      | XOM: polymorph black bear -> glowing shapeshifter
  4071 | D:4      | Noticed a slime creature
  4071 | D:4      | a glowing shapeshifter changed into a slime creature
  4074 | D:4      | XOM: scenery: summon butterflies
  4077 | D:4      | Noticed an ice dragon
  4077 | D:4      | a slime creature changed into an ice dragon
  4077 | D:4      | Noticed Grinder
  4079 | D:4      | Noticed a bunyip
  4079 | D:4      | an ice dragon changed into a bunyip
  4080 | D:4      | XOM: enchant monster (good)
  4084 | D:4      | Paralysed by Grinder for 5 turns
  4089 | D:4      | XOM: summons friendly orange demon
  4090 | D:4      | Killed Grinder
  4091 | D:4      | Reached XP level 6. HP: 40/41 MP: 2/9
  4110 | D:4      | Noticed a broodmother
  4111 | D:4      | XOM: 3-stop teleportation journey
  4135 | D:4      | Reached skill level 5 in Conjurations
  4135 | D:4      | Reached XP level 7. HP: 45/46 MP: 4/10
  4194 | D:4      | Identified the +2 pair of boots of the Will of the Gods
                  | {Dex+5}
  4464 | D:4      | XOM: god gift: piece from Xom's chessboard (15/15)
  4508 | D:4      | Got the Reference Book on Formation
  4512 | D:4      | XOM: scenery: summon butterflies
  4617 | D:4      | XOM: give mutations
  4617 | D:4      | Gained mutation: You have razor-sharp toenails. [Xom's
                  | grace]
  4617 | D:4      | Gained mutation: Your muscles are strong. (Str +4, Int/Dex
                  | -1) [Xom's grace]
  4678 | D:4      | XOM: god gift: 3 large rocks
  4825 | D:4      | XOM: give mutations
  4825 | D:4      | Lost mutation: You are partially covered in iridescent
                  | scales. (AC +2) [Xom's mischief]
  4825 | D:4      | Lost mutation: You possess an exceptional clarity of mind.
                  | [Xom's mischief]
  4825 | D:4      | Gained mutation: Your body sometimes deteriorates upon
                  | taking damage. [Xom's mischief]
  4825 | D:4      | Lost mutation: Your muscles are strong. (Str +4, Int/Dex
                  | -1) [Xom's mischief]
  5146 | D:4      | Found a radiant altar of Vehumet.
  5152 | D:4      | Noticed a golden eye
  5166 | D:4      | Noticed a golden eye
  5169 | D:4      | Killed a golden eye
  5175 | D:4      | Learned a level 4 spell: Hailstorm
  5319 | D:4      | XOM: god gift: sedimented clear potion {god gift}
  5711 | D:4      | XOM: god gift: leather armour {god gift}
  5787 | D:5      | Entered Level 5 of the Dungeon
  5797 | D:5      | Found a white marble altar of Elyvilon.
  5797 | D:5      | Found a staircase to the Ecumenical Temple.
  5797 | D:5      | XOM: 6-stop teleportation journey
  5816 | Temple   | Entered the Ecumenical Temple
  5961 | Temple   | XOM: god gift: 2 potions of heal wounds
  6234 | D:5      | Reached skill level 2 in Summonings
  6300 | D:3      | Fell from the grace of Xom
  6300 | D:3      | Became a worshipper of Cheibriados the Contemplative
  6370 | D:5      | Reached skill level 3 in Summonings
  6370 | D:5      | Reached XP level 8. HP: 48/52 MP: 3/13
  6386 | D:5      | Reached skill level 4 in Summonings
  6496 | D:5      | Noticed Sigmund
  6615 | D:5      | XOM: 7-stop teleportation journey
  6882 | D:4      | Reached skill level 5 in Summonings
  7113 | D:5      | Killed Sigmund
  7118 | D:5      | Learned a level 3 spell: Call Canine Familiar
  7355 | D:6      | Reached skill level 1 in Fighting
  7449 | D:6      | Noticed Menkaure
  7449 | D:6      | XOM: 1-stop teleportation journey
  7458 | D:6      | Killed Menkaure
  7509 | D:6      | XOM: polymorph hound -> bullfrog
  7564 | D:6      | XOM: summons 9 hostile demons
  7565 | D:6      | Noticed a rust devil
  7573 | D:6      | Reached * piety under Cheibriados
  7742 | D:6      | XOM: 2-stop teleportation journey
  8167 | D:6      | Reached skill level 5 in Fighting
  8167 | D:6      | Reached XP level 9. HP: 68/68 MP: 4/15
  8825 | D:7      | Reached ** piety under Cheibriados
  8948 | D:6      | XOM: give mutation
  8948 | D:6      | Lost mutation: You have razor-sharp toenails. [Xom's
                  | mischief]
  9029 | D:7      | XOM: 1-stop teleportation journey
  9130 | D:7      | XOM: 3-stop teleportation journey
  9234 | D:7      | Identified the +5 falchion of Pydocij {freeze, Will- Str+5}
  9794 | D:7      | XOM: give mutation
  9794 | D:7      | Lost mutation: You have very sharp teeth. [Xom's mischief]
  9795 | D:7      | Found a runed translucent gate.
  9795 | D:7      | Found a runed translucent gate.
  9795 | D:7      | Noticed decrepitue's ghost (journeyman DECj)
  9796 | D:7      | Found a runed translucent gate.
  9796 | D:7      | Identified the +1 chain mail "Ytwega Agra" {rF- Will-
                  | Regen+ rCorr}
 10039 | D:8      | Reached *** piety under Cheibriados
 10227 | D:8      | Reached skill level 10 in Fighting
 10287 | D:8      | XOM: noise
 10380 | D:8      | Found a bloodstained altar of Trog.
 10530 | D:8      | XOM: noise
 10614 | D:8      | Found a glowing silver altar of Zin.
 10680 | D:8      | Found a transporter.
 10682 | D:8      | Found a transporter.
 10734 | D:8      | Reached **** piety under Cheibriados
 10735 | D:8      | Reached XP level 10. HP: 49/86 MP: 7/16
 10902 | D:8      | Found a transporter.
 10922 | D:8      | Found a transporter.
 10952 | D:8      | XOM: silly message
 11031 | D:8      | XOM: silly message
 11442 | D:9      | Found Egoqahuv's Distillery.
 11442 | D:9      | XOM: 5-stop teleportation journey
 11545 | D:9      | Paralysed by a hornet for 3 turns
 11549 | D:9      | Paralysed by a hornet for 1 turns
 11561 | D:9      | HP: 4/88 [poisoned by a hornet]
 11767 | D:9      | XOM: 4-stop teleportation journey
 11775 | D:9      | Reached skill level 5 in Dodging
 12036 | D:9      | Reached skill level 6 in Summonings
 12086 | D:9      | Lost mutation: You are agile. (Dex +4, Str/Int -1) [potion
                  | of mutation]
 12086 | D:9      | Lost mutation: You have sharp toenails. [potion of
                  | mutation]
 12086 | D:9      | Lost mutation: Your body sometimes deteriorates upon taking
                  | damage. [potion of mutation]
 12086 | D:9      | Gained mutation: You sometimes lose your temper in combat.
                  | [potion of mutation]
 12193 | D:9      | Reached skill level 7 in Summonings
 12573 | D:9      | Reached skill level 8 in Summonings
 12693 | D:9      | Found a staircase to the Orcish Mines.
 12705 | D:9      | XOM: give mutations
 12705 | D:9      | Gained mutation: You occasionally lose the ability to read
                  | scrolls when taking damage. [Xom's mischief]
 12705 | D:9      | Lost mutation: You sometimes lose your temper in combat.
                  | [Xom's mischief]
 12739 | D:9      | Reached ***** piety under Cheibriados
 12750 | D:9      | Reached skill level 9 in Summonings
 12759 | D:9      | Identified the +6 chain mail "Sias" {rPois Will+ Str+2}
 12768 | D:9      | Reached skill level 10 in Summonings
 12778 | D:9      | Noticed a two-headed ogre
 12789 | D:9      | Killed a two-headed ogre
 12790 | D:9      | Reached skill level 11 in Summonings
 12790 | D:9      | Reached XP level 11. HP: 38/93 MP: 2/17
 13089 | D:10     | Entered Level 10 of the Dungeon
 13120 | D:10     | Found a staircase to the Lair.
 13221 | D:10     | Noticed a two-headed ogre
 13231 | D:10     | Killed a two-headed ogre
 13232 | D:10     | Reached skill level 12 in Summonings
 13356 | D:10     | Found a flagged portal.
 13365 | Bailey   | Entered a bailey
 13767 | Bailey   | XOM: give mutation
 13767 | Bailey   | Gained mutation: You sometimes lose your temper in combat.
                  | [Xom's mischief]
 13803 | Bailey   | Reached ****** piety under Cheibriados
 13891 | Bailey   | XOM: polymorph warg -> glowing shapeshifter
 14219 | Bailey   | Reached skill level 13 in Summonings
 14624 | D:10     | Found a broken altar of Ashenzari.
 14641 | D:10     | Noticed Lodul
 14644 | D:10     | Noticed Nergalle
 14659 | D:10     | XOM: swap monsters
 14664 | D:10     | Killed Nergalle
 14682 | D:10     | XOM: polymorph warg -> fire bat
 14682 | D:10     | Was forgiven by Xom
 14686 | D:10     | Learned a level 6 spell: Summon Cactus Giant
 14878 | D:10     | Reached skill level 14 in Summonings
 14887 | D:10     | Killed Lodul
 15502 | D:10     | Noticed a catoblepas
 15502 | D:10     | Noticed a centaur warrior
 15511 | D:10     | Killed a catoblepas
 15512 | D:10     | Reached skill level 15 in Summonings
 15517 | D:10     | Killed a centaur warrior
 15518 | D:10     | Reached XP level 12. HP: 54/100 MP: 8/18
 15895 | D:10     | Found a shadowy altar of Dithmenos.
 15995 | D:10     | Noticed Maurice
 16004 | D:10     | Killed Maurice
 16325 | D:10     | Reached skill level 16 in Summonings
 16511 | Lair:1   | Entered Level 1 of the Lair of Beasts
 16511 | Lair:1   | Noticed Sonja
 16648 | D:10     | Reached skill level 5 in Spellcasting
 16653 | D:10     | Killed Sonja
 16991 | D:10     | Reached skill level 1 in Invocations
 17245 | Lair:1   | Noticed Grum
 17256 | Lair:1   | Killed Grum
 17337 | Lair:1   | Noticed a four-headed hydra
 17342 | Lair:1   | Killed a four-headed hydra
 18161 | Lair:1   | Reached skill level 5 in Invocations
 18425 | Lair:2   | Learned a level 7 spell: Monstrous Menagerie
 18669 | Lair:2   | Found a staircase to the Swamp.
 18676 | Lair:2   | Identified the +1 robe of Kofueta {rF+ Str+3}
 18796 | Lair:2   | Gained mutation: You can hop long distances. [Barachi
                  | growth]
 18796 | Lair:2   | Reached XP level 13. HP: 77/106 MP: 5/22
 19401 | Lair:2   | Lost mutation: You sometimes lose your temper in combat.
                  | [potion of mutation]
 19401 | Lair:2   | Lost mutation: You occasionally lose the ability to read
                  | scrolls when taking damage. [potion of mutation]
 19401 | Lair:2   | Gained mutation: Your flesh is cold resistant. (rC+)
                  | [potion of mutation]
 19401 | Lair:2   | Gained mutation: You are dopey. (Int -2) [potion of
                  | mutation]
 19401 | Lair:2   | Gained mutation: Your muscles are strong. (Str +4, Int/Dex
                  | -1) [potion of mutation]
 19516 | Lair:2   | Reached skill level 10 in Invocations
 19684 | Lair:2   | Reached skill level 1 in Polearms
 20230 | Lair:2   | Found a staircase to the Snake Pit.
 21190 | Lair:3   | Reached skill level 5 in Polearms
 23021 | Lair:5   | Entered Level 5 of the Lair of Beasts
 23131 | Lair:5   | Reached XP level 14. HP: 113/113 MP: 11/23
 24216 | Lair:5   | Reached skill level 10 in Polearms
 25523 | Lair:5   | Found a runed translucent door.
 25524 | Lair:5   | Found a staircase to the Slime Pits.
 26178 | Orc:1    | Entered Level 1 of the Orcish Mines
 26178 | Orc:1    | Noticed Josephine
 26196 | Orc:1    | Killed Josephine
 26549 | Orc:1    | Noticed Urug
 26610 | D:9      | Killed Urug
 26724 | Orc:1    | Lost mutation: Your muscles are strong. (Str +4, Int/Dex
                  | -1) [potion of mutation]
 26724 | Orc:1    | Lost mutation: Your flesh is cold resistant. (rC+) [potion
                  | of mutation]
 26724 | Orc:1    | Lost mutation: You are dopey. (Int -2) [potion of mutation]
 26724 | Orc:1    | Gained mutation: You occasionally lose the ability to read
                  | scrolls when taking damage. [potion of mutation]
 27023 | Orc:1    | Noticed Erica
 27030 | Orc:1    | Killed Erica
 27576 | Orc:2    | Entered Level 2 of the Orcish Mines
 27943 | Orc:2    | Found Goashr Saha's Gadget Gallery.
 29387 | Orc:2    | Reached XP level 15. HP: 116/119 MP: 3/24
 30154 | Orc:2    | Reached skill level 1 in Evocations
 30275 | Orc:2    | Found Curegh's Antique Armour Emporium.
 30277 | Orc:2    | Found Ameeweri's Weapon Shoppe.
 30277 | Orc:2    | Found Moced's Antique Armour Emporium.
 30278 | Orc:2    | Found Xupereivu's Book Emporium.
 30543 | Orc:2    | Paralysed by an orc sorcerer for 5 turns
 30683 | Orc:2    | Found a staircase to the Elven Halls.
 30935 | Orc:2    | Bought a crude cloak for 247 gold pieces
 30935 | Orc:2    | Identified the +4 cloak of the Griffon {-Tele rPois rN+
                  | Regen+} (You bought it in a shop on level 2 of the Orcish
                  | Mines)
 31493 | D:11     | Reached skill level 1 in Armour
 33627 | D:13     | Noticed Rupert
 33915 | Orc:2    | Bought a pair of embroidered gloves for 315 gold pieces
 33980 | Orc:2    | Bought a phantom mirror for 560 gold pieces
 34138 | D:13     | Killed Rupert
 35077 | D:13     | Identified the +0 chain mail "Tituq" {*Slow Fly SInv}
 35257 | D:14     | Identified Roxanne's Precepts of Spelunking
 35257 | D:14     | Noticed Roxanne
 35823 | D:14     | Noticed Jorgrun
 35831 | D:14     | Killed Jorgrun
 36261 | D:14     | Found a gate to the Vaults.
 36282 | D:14     | HP: 3/127 [centaur warrior (16)]
 36282 | D:14     | HP: 1/127 [centaur warrior (2)]
 36283 | D:14     | Mangled by a centaur warrior

Illustrated notes

Levels and vault maps discovered:
D:1:      dpeg_arrival_tiny_b, layout_basic
D:2:      layout_loops_ring, corexii_hall_statues_l, minivault_14
D:3:      layout_basic, amethyst_overflow_temple_binary, basic_ecumenical_altar
D:4:      layout_cave_pods, vehumet_crystals, lemuel_round_altar, minmay_bent,
          uniq_grinder
D:5:      nicolae_BIG_FREAKIN_CUBE, layout_cave_pools, elyvilon_altar_5,
          minmay_temple_entry_grid, uniq_sigmund
D:6:      layout_basic, uniq_menkaure
D:7:      layout_cave_pools, biasface_ghost_orc_armoury
D:8:      layout_cave_pools, lemuel_doored_altar, mainiacjoe_overflow_catwalk,
          minmay_misc_feat_square, nicolae_transporter_circle
D:9:      minmay_inner_zag, layout_cave_pools, orc_0_dummy, serial_shops, shop,
          kennysheep_kite_vault
D:10:     layout_roguey, grunt_dithmenos_shadows, nicolae_ashenzari_skybound,
          erik_lair_orcish_takeover, enter_bailey_2, dreamdust_wishing_well,
          minivault_20, uniq_maurice, uniq_lodul, uniq_nergalle
D:11:     layout_roguey
D:12:     layout_rooms
D:13:     layout_cave_pods, uniq_rupert
D:14:     layout_basic, lightli_vaults_fourway_checkpoint, uniq_roxanne,
          uniq_jorgrun
Temple:   dshaligram_water_room_temple
Lair:1:   layout_loops_ring, portal_ice_cave_entry_pillars_1, uniq_grum,
          uniq_sonja
Lair:2:   nzn_winding_woodlands_small [nzn_winding_woodlands_5x15_jagged,
          nzn_winding_woodlands_center_lodge,
          nzn_winding_woodlands_5x15_split_checker], layout_cave_shapes,
          minmay_swamp_entry_worms, guppyfry_snake_entry_island,
          grunt_megastairs_5
Lair:3:   layout_hall_layers, dreamdust_gnoll_shepherd
Lair:4:   layout_big_grid
Lair:5:   minmay_lair_end_enchanted_forest, layout_gridlike, slime_entry_2
Orc:1:    layout_caves, basic_altar, uniq_erica, uniq_josephine, uniq_urug
Orc:2:    st_orc_pillars, layout_caves, basic_altar, nicolae_shop_gadgets

Skill      XL: |  1  2  3  4  5  6  7  8  9 10 11 12 13 14 15 |
---------------+----------------------------------------------+-----
Ice Magic      | 5 7 8 |  8.0
Conjurations   | 4 5 6 |  6.0
Spellcasting   | 3 4 6 |  6.1
Summonings     | 3 5 11 15 16 | 16.0
Fighting       | 5 10 11 14 | 14.3
Dodging        | 4 5 7 |  7.1
Invocations    | 7 10 | 10.0
Polearms       | 8 13 14 | 14.0
Evocations     | 3 |  3.0
Armour         | 3 |  3.9
Stealth        | |  1.7

Action                   |  1- 3 |  4- 6 |  7- 9 | 10-12 | 13-15 || total
-------------------------+-------+-------+-------+-------+-------++-------
Melee: Dagger            |    10 |       |       |       |       ||    10
       Flail             |    12 |    10 |     7 |       |       ||    29
       Staff             |       |     2 |     3 |       |       ||     5
       Kick              |       |     3 |     1 |       |       ||     4
       Bite              |       |     1 |     1 |       |       ||     2
       Halberd           |       |       |    42 |   138 |   298 ||   478
       Great sword       |       |       |       |    23 |    19 ||    42
 Cast: Freeze            |    61 |    10 |    41 |     9 |       ||   121
       Frozen Ramparts   |     1 |     2 |    21 |    17 |     3 ||    44
       Ozocubu's Armour  |       |     2 |    10 |    15 |    18 ||    45
       Hailstorm         |       |       |    14 |    33 |     9 ||    56
       Call Canine Famil |       |       |    54 |    40 |       ||    94
       Summon Cactus Gia |       |       |       |    25 |   136 ||   161
       Monstrous Menager |       |       |       |     4 |   114 ||   118
Invok: Slouch            |       |       |       |       |     1 ||     1
 Abil: Hop               |     1 |     1 |     5 |     7 |     8 ||    22
Evoke: Piece from Xom's  |       |       |     1 |       |       ||     1
       Wand              |       |       |       |       |     1 ||     1
  Use: Scroll            |       |       |    19 |     9 |    12 ||    40
       Potion            |       |       |       |     1 |     3 ||     4
 Stab: Sleeping          |     4 |       |       |     4 |     2 ||    10
       Distracted        |       |       |     1 |     1 |     7 ||     9
       Confused          |       |       |       |     1 |       ||     1
       Paralysed         |       |       |       |       |     5 ||     5
       Invisible         |       |       |       |       |     3 ||     3
Armor: Robe              |    16 |    17 |    64 |   108 |   111 ||   316
Dodge: Dodged            |    35 |    22 |    92 |   352 |   247 ||   748
